 Dungeon Crawl Stone Soup version 0.30-a0-1085-g990a428a5c (webtiles) character file.

Game seed: 7449244525781171800

343 NateTC the Covered (level 6, 0/40 HPs)
             Began as a Gargoyle Fighter on Apr 16, 2023.
             Was a Follower of Okawaru.
             Slain by a killer bee (5 damage)
             ... on level 4 of the Dungeon.
             The game lasted 00:07:43 (2406 turns).

NateTC the Covered (Gargoyle Fighter)               Turns: 2406, Time: 00:07:43

Health: 0/40       AC: 17    Str: 21    XL:     6   Next: 57%
Magic:  6/6        EV:  6    Int:  9    God:    Okawaru [*.....]
Gold:   182        SH:  4    Dex:  9    Spells: 5/5 levels left

rFire   . . .      SeeInvis .    q - +1 morningstar
rCold   . . .      Faith    .    c - +0 buckler
rNeg    + + .      Spirit   .    n - +0 plate armour
rPois   ∞          Reflect  .    j - +0 helmet
rElec   +          Rampage  .    (no cloak)
rCorr   .                        (no gloves)
Will    .....                    (no boots) Stlth
                                 (no amulet)
HPRegen 0.26/turn                b - ring of positive energy
MPRegen 0.10/turn                (no ring)

@: no status effects
A: sickness immunity, AC +4, negative energy resistance 1, electricity
resistance, torment resistance 1, petrification resistance
a: Renounce Religion, Heroism


You were on level 4 of the Dungeon.
You worshipped Okawaru.
Okawaru was aware of your devotion.
You visited 1 branch of the dungeon, and saw 4 of its levels.

You collected 182 gold pieces.

Inventory:

Hand Weapons
 q - a +1 morningstar (weapon)
Armour
 c - a +0 buckler (worn)
 j - a +0 helmet (worn)
 n - a +0 plate armour (worn)
Jewellery
 b - a ring of positive energy (left hand)
Scrolls
 k - 2 scrolls of teleportation
 s - a scroll of poison
Potions
 e - 2 potions of curing
 f - 2 potions of flight
 g - 2 potions of lignification
 h - a potion of invisibility
 i - a potion of magic {unknown}
 l - a potion of degeneration {unknown}
 m - a potion of brilliance {unknown}
 o - a potion of resistance {unknown}
 t - a potion of heal wounds {unknown}
 u - a potion of haste {unknown}


   Skills:
 - Level 4.9 Fighting
 * Level 4.2 Maces & Flails
 + Level 5.2 Armour
 - Level 1.0 Dodging
 - Level 3.2 Shields


You had 5 spell levels left.
You didn't know any spells.
Your spell library contained the following spells:

 Spells                   Type           Power      Damage    Failure   Level
 Freeze                   Ice            0%         1d3       100%        1
 Magic Dart               Conj           0%         1d3       100%        1
 Frozen Ramparts          Ice            0%         1d1       100%        3
 Hailstorm                Conj/Ice       0%         3d3       100%        3
 Mephitic Cloud           Conj/Pois/Air  0%         N/A       100%        3
 Call Imp                 Summ           Unusable   N/A       N/A         2

Dungeon Overview and Level Annotations

Branches:
Dungeon (4/15) Zot: 21468
 Temple: D:4-7

Altars:
Ashenzari
Kikubaaqudgha
Okawaru
Yredelemnul


Innate Abilities, Weirdness & Mutations

You are immune to sickness and miasma.
Your stone body is resilient. (AC +4)
You are immune to poison.
You resist negative energy. (rN+)
You are resistant to electric shocks. (rElec)
You are resistant to unholy torment.
You are immune to petrification.


Message History

The killer bee is severely wounded.
The killer bee closely misses you. You block the killer bee's attack.
The killer bee stings you but does no damage.
You puncture the killer bee!
You kill the killer bee!
Okawaru accepts your kill. The killer bee stings you. x2
You barely miss the killer bee. The killer bee barely misses you.
The killer bee closely misses you.
You miss the killer bee. The killer bee barely misses you.
The killer bee stings you.
The killer bee stings you but does no damage.
You closely miss the killer bee. The killer bee barely misses you.
The killer bee stings you but does no damage.
You sock the killer bee!
The killer bee is severely wounded.
The killer bee stings you.
The killer bee stings you but does no damage.
The killer bee stings you.
You are too injured to fight recklessly!
You are too injured to fight recklessly!
You are too injured to fight recklessly!
You are too injured to fight recklessly!
You are too injured to fight recklessly!
You are too injured to fight recklessly!
You are too injured to fight recklessly!
You are too injured to fight recklessly!
You are too injured to fight recklessly!
You barely miss the killer bee.
The killer bee is severely wounded.
You block the killer bee's attack.
The killer bee stings you but does no damage.
The killer bee stings you.
* * * LOW HITPOINT WARNING * * *
You miss the killer bee.
The killer bee is severely wounded.
The killer bee stings you.
* * * LOW HITPOINT WARNING * * *
The killer bee stings you.
You die...

##### #.... #.#.#
#.._. #.#.#
############...#
#.#####.........##...#
#..>.@y..†............
#######.........##...#
#.........##...#
#.##########...# #...
##### #..? # #.... #
..... # .... #


You could see a killer bee.

Vanquished Creatures
  3 killer bees (D:4)
  2 orc priests (D:4)
  A gnoll (D:3)
  3 adders
  2 worms (D:3)
  2 dart slugs
  14 orcs
  9 ball pythons
  6 bats
  4 endoplasms
  7 giant cockroaches
  6 hobgoblins
  10 jackals
  10 frilled lizards
  4 goblins
  7 kobolds
  2 rats (D:2)
92 creatures vanquished.

Notes
Turn   | Place    | Note
-------+----------+-------------------------------------------
     0 | D:1      | NateTC the Gargoyle Fighter began the quest for the Orb.
     0 | D:1      | Reached XP level 1. HP: 14/14 MP: 1/1
   149 | D:1      | Reached XP level 2. HP: 20/20 MP: 2/2
   294 | D:1      | Reached skill level 1 in Dodging
   324 | D:1      | Reached XP level 3. HP: 24/24 MP: 3/3
   491 | D:1      | Found a faded altar of an unknown god.
   737 | D:2      | Found Lustuci's Weapon Emporium.
   982 | D:2      | Reached XP level 4. HP: 28/30 MP: 4/4
  1322 | D:3      | Found an ancient bone altar of Kikubaaqudgha.
  1424 | D:3      | Reached skill level 4 in Armour
  1539 | D:3      | Found a basalt altar of Yredelemnul.
  1838 | D:3      | Found an iron altar of Okawaru.
  1858 | D:3      | Reached XP level 5. HP: 34/34 MP: 5/5
  1865 | D:3      | Became a worshipper of Warmaster Okawaru
  2150 | D:4      | Noticed an ogre
  2360 | D:4      | Found a broken altar of Ashenzari.
  2385 | D:4      | Reached XP level 6. HP: 35/40 MP: 6/6
  2385 | D:4      | Reached * piety under Okawaru
  2386 | D:4      | Reached skill level 5 in Armour
  2406 | D:4      | Slain by a killer bee

Illustrated notes

Levels and vault maps discovered:
D:1:      dpeg_arrival_yet_another_circle, layout_basic,
          hellmonk_ecumenical_altar_arch_garden
D:2:      layout_loops_ring, serial_shops, nicolae_shop_bloodbath_and_beyond
D:3:      layout_rooms, okawaru_altar_gauntlet_db, kiku_gazebo_pond_becter,
          mainiacjoe_overflow_concentric_impassable
D:4:      kennysheep_goblin_castle, layout_basic, ashenzari_altar_1,
          serial_shops, nicolae_shop_tiny_waterfront, minmay_misc_feat_hallway

Skill      XL: |  1  2  3  4  5  6 |
---------------+-------------------+-----
Fighting       | 4 |  4.9
Dodging        | 1 |  1.0
Armour         | 4 5 |  5.2
Maces & Flails | 3 4 |  4.2
Shields        | |  3.2

Action                     |  1- 3 |  4- 6 || total
---------------------------+-------+-------++-------
  Melee: Flail             |   147 |   160 ||   307
         Morningstar       |       |    58 ||    58
    Use: Scroll            |     3 |     9 ||    12
         Potion            |       |     1 ||     1
 Armour: Scale mail        |    49 |       ||    49
         Plate armour      |    63 |   192 ||   255
  Dodge: Dodged            |    70 |   107 ||   177
  Block: Buckler           |    35 |    45 ||    80

Table legend: (Time is in decaauts)
 A = Elapsed time spent in this place.
 B = Non-inter-level travel time spent in this place.
 C = Inter-level travel time spent in this place.
 D = Time resting spent in this place.
 E = Time spent auto-exploring this place.
 F = Levels seen in this place.
 G = Mean time per level.
                   A        B        C        D        E       F      G
               +--------+--------+--------+--------+--------+-----+--------+
         Total |   2529 |   2464 |     65 |    144 |   1363 |   4 |  632.2 |
       Dungeon |   2529 |   2464 |     65 |    144 |   1363 |   4 |  632.2 |
               +--------+--------+--------+--------+--------+-----+--------+

Top non-repeatable levels by time:
     D:3: 739 daAuts
     D:1: 692 daAuts
     D:2: 666 daAuts
     D:4: 431 daAuts
